 Dungeon Crawl Stone Soup version 0.29-a0-824-gd827844252 (webtiles) character file.

Game seed: 4061579951687364953

342 Sabo the Shield-Bearer (level 6, 0/48 HPs)
             Began as a Formicid Fighter on July 10, 2022.
             Was a Priest of Jiyva.
             Slain by a kobold
             ... wielding a +0 whip
              (1 damage)
             ... on level 4 of the Dungeon.
             The game lasted 00:12:56 (2555 turns).

Sabo the Shield-Bearer (Formicid Fighter)           Turns: 2555, Time: 00:12:58

Health: 0/48       AC:  9    Str: 23    XL:     6   Next: 88%
Magic:  6/6        EV:  8    Int:  7    God:    Jiyva [***...]
Gold:   154        SH:  5    Dex: 13    Spells: 5/5 levels left

rFire   . . .      SeeInvis +   a - +0 war axe
rCold   . . .      Faith    .   c - +0 buckler
rNeg    + . .      Spirit   .   i - +0 chain mail
rPois   .          Reflect  .   (helmet unavailable)
rElec   .          Harm     .   (no cloak)
rCorr   +          Rampage  .   (no gloves)
Will    .....                   (no boots)
Stlth   ..........              (no amulet)
HPRegen 1.28/turn               o - ring of positive energy
MPRegen 0.45/turn               (no ring)

@: brilliant, lethally poisoned (0 -> -21)
A: permanent stasis, dig shafts and tunnels, antennae 3, four strong arms,
mutation resistance 2, acidic bite, jelly absorbing missiles
a: Dig, Shaft Self, Renounce Religion, Oozemancy


You were on level 4 of the Dungeon.
You worshipped Jiyva.
Jiyva was most pleased with you.
You visited 1 branch of the dungeon, and saw 4 of its levels.

You collected 154 gold pieces.

Inventory:

Hand Weapons
 a - a +0 war axe (weapon)
 b - a +0 sling
 f - a +1 morningstar of holy wrath
 h - a +1 dagger of venom
 n - a -3 whip
 s - a +0 dire flail of protection
Missiles
 q - 2 boomerangs
 r - 4 poisoned darts
Armour
 c - a +0 buckler (worn)
 i - a +0 chain mail (worn)
Jewellery
 o - a ring of positive energy (left hand)
Scrolls
 j - a scroll of magic mapping
 l - a scroll of identify
 t - a scroll of poison {unknown}
Potions
 d - 2 potions of might
 g - a potion of lignification {unknown}
 k - a potion of flight {unknown}
 m - a potion of mutation {unknown}
 p - a potion of resistance {unknown}


   Skills:
 + Level 4.0 Fighting
 + Level 4.4 Axes
 + Level 4.8 Armour
 + Level 0.5 Dodging
 + Level 0.2 Stealth
 + Level 5.7 Shields


You had 5 spell levels left.
You didn't know any spells.
Your spell library contained the following spells:

 Spells                   Type           Power      Damage    Failure   Level
 Foxfire                  Conj/Fire      0%         2x1d4     99%         1
 Conjure Flame            Conj/Fire      0%         6-21      100%        3
 Inner Flame              Hex/Fire       0%         N/A       100%        3
 Stone Arrow              Conj/Erth      0%         3d7       100%        3
 Animate Armour           Summ/Erth      0%         N/A       100%        4
 Flame Wave               Conj/Fire      0%         2d4       100%        4
 Lehudib's Crystal Spear  Conj/Erth      0%         10d2      100%        8


Dungeon Overview and Level Annotations

Branches:
Dungeon (4/15)
 Temple: D:4-7

Altars:
Kikubaaqudgha
Sif Muna
Trog
Jiyva

Annotations:
D:4 Dowan, Duvessa


Innate Abilities, Weirdness & Mutations

You cannot be hasted, slowed, berserked, paralysed or teleported.
You can dig through walls and to a lower floor.
You have a pair of large antennae on your head. (SInv)
Your four strong arms can wield two-handed weapons with a shield.
You are somewhat resistant to both further mutation and mutation removal.
You have acidic saliva.
You have a small jelly attached to you that may absorb projectiles.


Message History

You are poisoned.
You feel very sick.
Dowan points at you and mumbles some strange words.
The puff of flame hits you.
You slash Duvessa! You bite Duvessa, but do no damage.
Duvessa is heavily wounded.
You barely miss Dowan. You closely miss the kobold.
You feel very sick.
Duvessa is no longer covered in acid.
Dowan hits you but does no damage.
You are more poisoned.
Duvessa hits you but does no damage.
You are more poisoned.
You block the kobold's attack.
You hit Duvessa but do no damage. Your bite misses Duvessa.
Duvessa is heavily wounded.
You hit Dowan but do no damage. You closely miss the kobold.
You feel extremely sick. You block Dowan's attack. Duvessa closely misses you.
The kobold hits you but does no damage.
You barely miss Duvessa. Your bite misses Duvessa.
Duvessa is heavily wounded.
You slash Dowan! You hit the kobold.
You feel very sick. Dowan barely misses you.
Duvessa hits you with a +1 rapier of venom.
You are more poisoned.
You block the kobold's attack. x2
Dowan says, "Magic and the sword, together, will defeat you."
Dowan barely misses you.
Duvessa hits you with a +1 rapier of venom!
* * * LOW HITPOINT WARNING * * *
You are more poisoned.
It was a potion of brilliance.
You feel clever all of a sudden.
* * * LOW HITPOINT WARNING * * *
You feel extremely sick. Dowan hits you but does no damage.
You are more poisoned.
The kobold hits you with a +0 whip.
You die...

. ##...###.. .. .
#.....#..####.. ≈
#.............. .
............... .
#.............. ....≈. .
#..#........J.##....≈.≈.
#..##..eKJ###.#.....≈...
##......@..##........≈.≈≈
#...#...e...#...#..#..§..
..............###...##..#
##.............##..# #...
#..................# #...
##................####...
##...........##.........
##..........##.#.......
#............###.......


You could see Duvessa, Dowan, a kobold, a neutral jelly (wandering) (fellow
slime) and a neutral endoplasm (wandering) (fellow slime).

Vanquished Creatures
  Edmund (D:4)
  An ogre (D:4)
  Jessica (D:2)
  An adder (D:3)
  4 gnolls
  A worm (D:3)
  4 dart slugs
  3 orcs (D:3)
  2 giant cockroaches
  5 goblins
  6 hobgoblins
  3 jackals (D:1)
  5 kobolds
  A quokka (D:3)
  8 ball pythons
  5 bats
  3 frilled lizards
  4 rats
58 creatures vanquished.

Vanquished Creatures (others)
  Crazy Yiuf (D:2)
  3 jellies (D:4)
  An orc wizard (D:3)
  3 gnolls
  2 endoplasms (D:4)
  2 orcs
  A ball python (D:3)
  2 bats (D:3)
  2 fungi (D:2)
  17 plants (D:2)
34 creatures vanquished.

Grand Total: 92 creatures vanquished

Notes
Turn   | Place    | Note
-------+----------+-------------------------------------------
     0 | D:1      | Sabo the Formicid Fighter began the quest for the Orb.
     0 | D:1      | Reached XP level 1. HP: 18/18 MP: 1/1
   155 | D:1      | Reached XP level 2. HP: 24/24 MP: 2/2
   724 | D:1      | Reached XP level 3. HP: 29/29 MP: 3/3
  1039 | D:2      | Found a faded altar of an unknown god.
  1048 | D:2      | Prayed at the altar of an unknown god.
  1048 | D:2      | Became a worshipper of Jiyva Juref the Shapeless
  1048 | D:2      | Reached * piety under Jiyva
  1111 | D:2      | Noticed Jessica
  1127 | D:2      | Killed Jessica
  1128 | D:2      | Reached XP level 4. HP: 37/37 MP: 4/4
  1155 | D:2      | Killed Crazy Yiuf
  1325 | D:2      | Found a runed translucent door.
  1483 | D:2      | Reached ** piety under Jiyva
  1947 | D:3      | Reached XP level 5. HP: 27/42 MP: 5/5
  2314 | D:3      | Reached *** piety under Jiyva
  2321 | D:3      | Found a bloodstained altar of Trog.
  2350 | D:4      | Noticed Edmund
  2350 | D:4      | Noticed an ogre
  2354 | D:4      | Killed an ogre
  2355 | D:4      | Reached skill level 5 in Shields
  2376 | D:4      | Killed Edmund
  2377 | D:4      | Reached XP level 6. HP: 31/48 MP: 6/6
  2384 | D:4      | Found a shimmering blue altar of Sif Muna.
  2506 | D:4      | Found an ancient bone altar of Kikubaaqudgha.
  2544 | D:4      | Noticed Duvessa
  2548 | D:4      | Noticed Dowan
  2550 | D:4      | Gained mutation: You have a small jelly attached to you
                  | that may absorb projectiles. [Jiyva's grace]
  2550 | D:4      | Gained mutation: You have acidic saliva. [Jiyva's grace]
  2550 | D:4      | Gained mutation: You are somewhat resistant to further
                  | mutation. [Jiyva's grace]
  2550 | D:4      | Gained mutation: You are somewhat resistant to both further
                  | mutation and mutation removal. [Jiyva's grace]
  2555 | D:4      | HP: 1/48 [poisoned by Duvessa]
  2555 | D:4      | Slain by a kobold

Illustrated notes

Levels and vault maps discovered:
D:1:      dpeg_arrival_orchard, layout_loops_cross
D:2:      layout_loops_ring, ebering_ecumenical_altar_rust,
          chequers_serial_rivers_micro_d, serial_bayou_pond_c,
          uniq_crazy_yiuf_cottage, uniq_jessica
D:3:      layout_rooms, lightli_temple_of_fire, hex_large, nrook_mini_vaults
D:4:      layout_cave_pools, mainiacjoe_overflow_paths,
          mainiacjoe_overflow_cross_hatched, mainiacjoe_overflow_alcove_1,
          temple_hall, gammafunk_ghost_grave, hangedman_decor_diamond_cutter,
          uniq_duvessa, uniq_edmund

Skill      XL: |  1  2  3  4  5 |
---------------+----------------+-----
Armour         | 4 |  4.8
Axes           | 3 4 |  4.4
Shields        | 5 |  5.7
Fighting       | 4 |  4.0
Dodging        | |  0.5
Stealth        | |  0.2

Action                   |  1- 3 |  4- 6 || total
-------------------------+-------+-------++-------
Melee: War axe           |    56 |   135 ||   191
       Bite              |       |     1 ||     1
  Use: Scroll            |       |     4 ||     4
       Potion            |       |     1 ||     1
Armor: Scale mail        |    15 |       ||    15
       Chain mail        |    19 |    88 ||   107
Dodge: Dodged            |    22 |    52 ||    74
Block: Buckler           |    18 |    51 ||    69

Table legend: (Time is in decaauts)
 A = Elapsed time spent in this place.
 B = Non-inter-level travel time spent in this place.
 C = Inter-level travel time spent in this place.
 D = Time resting spent in this place.
 E = Time spent auto-exploring this place.
 F = Levels seen in this place.
 G = Mean time per level.
                   A        B        C        D        E       F      G
               +--------+--------+--------+--------+--------+-----+--------+
         Total |   2634 |   2634 |      0 |    221 |      0 |   4 |  658.5 |
       Dungeon |   2634 |   2634 |      0 |    221 |      0 |   4 |  658.5 |
               +--------+--------+--------+--------+--------+-----+--------+

Top non-repeatable levels by time:
     D:1: 911 daAuts
     D:2: 892 daAuts
     D:3: 609 daAuts
     D:4: 220 daAuts
